 Dungeon Crawl Stone Soup version 0.24.0-28-g17ded55e90 (webtiles) character file.

Game seed: 16882362562647158580, levelgen mode: deterministic

114 Anaphory the Digger (level 4, 0/24 HPs)
             Began as a Gargoyle Earth Elementalist on Nov 12, 2019.
             Slain by an orc
             ... wielding a +1 flail of protection
              (3 damage)
             ... on level 3 of the Dungeon.
             The game lasted 00:33:37 (1690 turns).

Anaphory the Digger (Gargoyle Earth Elementalist)   Turns: 1690, Time: 00:33:37

Health: 0/24       AC:  7    Str: 12    XL:     4   Next: 97%
Magic:  1/8        EV: 12    Int: 16    God:
Gold:   173        SH:  0    Dex: 10    Spells: 5/9 levels left

rFire    . . .     SeeInvis .   n - +0 mace
rCold    . . .     Gourm    .   (no shield)
rNeg     + . .     Faith    .   c - +0 robe
rPois    ∞         Spirit   .   (no helmet)
rElec    +         Reflect  .   (no cloak)
rCorr    .         Harm     .   o - +0 pair of gloves
MR       .....                  a - +0 pair of boots
Stlth    ++........             (no amulet)
HPRegen  0.08/turn              (no ring)
MPRegen  0.11/turn              (no ring)

@: very slightly contaminated
A: negative energy resistance 1, electricity resistance, unbreathing,
petrification resistance, rot immunity, AC +3
a: no special abilities


You were on level 3 of the Dungeon.
You were not hungry.

You visited 1 branch of the dungeon, and saw 3 of its levels.

You collected 173 gold pieces.

Inventory:

Hand Weapons
 f - a +0 mace
 i - a cursed -2 short sword
 k - a +0 short sword
 l - a +0 dagger
 n - a +0 mace (weapon)
 r - a +0 short sword
 z - a +0 mace
 A - a +0 hunting sling
 D - a +0 hunting sling
 F - a +0 rapier
Missiles
 b - 117 stones (quivered)
 C - 10 poisoned darts
Armour
 a - a +0 pair of boots (worn)
 c - a +0 robe (worn)
 o - a +0 pair of gloves (worn)
 x - a +0 robe
Jewellery
 t - an uncursed ring of see invisible {unknown}
 H - a +6 ring of intelligence {unknown}
Wands
 G - a wand of scattershot (5)
Scrolls
 e - 2 scrolls of enchant armour {unknown}
 h - 2 scrolls of teleportation {unknown}
 j - 2 scrolls of fog {unknown}
 p - 2 scrolls of blinking {unknown}
 q - a scroll of amnesia {unknown}
 s - a scroll of enchant weapon {unknown}
 u - 2 scrolls of identify {unknown}
 B - 3 scrolls of remove curse
Potions
 g - a potion of curing {unknown}
 m - a potion of resistance {unknown}
 v - a potion of haste {unknown}
 w - a potion of ambrosia {unknown}
 E - 3 potions of agility {unknown}
Comestibles
 d - 4 rations
 I - a chunk of flesh


   Skills:
 + Level 0.7 Fighting
 - Level 1.6 Dodging
 - Level 2.4 Stealth
 * Level 3.2 Spellcasting
 + Level 0.4 Conjurations
   Level 0.7 Transmutations
 * Level 5.2 Earth Magic


You had 5 spell levels left.
You knew the following spells:

 Your Spells              Type           Power        Failure   Level  Hunger
a - Sandblast             Erth           ###...       2%          1    None
b - Stone Arrow           Conj/Erth      ##....       17%         3    ###....

Your spell library contained the following spells:

 Spells                   Type           Power        Failure   Level  Hunger
 Passwall                 Tmut/Erth      ##......     9%          2    ##.....
 Animate Skeleton         Necr           N/A          19%         1    None
 Apportation              Tloc           #.....       19%         1    None
 Confusing Touch          Hex            #.....       19%         1    None
 Summon Small Mammal      Summ           #...         19%         1    None
 Petrify                  Tmut/Erth      ##......     47%         4    ####...
 Lee's Rapid Deconstruct  Erth           ###.......   52%         5    ######.


Dungeon Overview and Level Annotations

Branches:
Dungeon (3/15)

Altars:
Ashenzari
Cheibriados
Fedhas
Wu Jian


Innate Abilities, Weirdness & Mutations

You are resistant to torment.
Your stone body is resilient. (AC +3)
You are immune to poison.
You resist negative energy. (rN+)
You are resistant to electric shocks. (rElec)
You can survive without breathing.
You are immune to petrification.
You are immune to rotting.


Message History

The orc priest barely misses you.
You see here a +0 flail.
You barely miss the orc priest.
The orc priest hits you but does no damage.
The orc closely misses you.
The orc priest mumbles some strange prayers to Beogh against you.
Pain shoots through your body!
* * * LOW HITPOINT WARNING * * *
The orc hits you with a +1 flail of protection.
* * * LOW HITPOINT WARNING * * *
You hit the orc priest.
The orc priest is moderately wounded.
The orc priest hits you but does no damage.
The orc closely misses you.
You hit the orc priest.
The orc priest is moderately wounded.
The orc priest miscasts a cantrip.
The orc priest completely misses you.
The orc hits you with a +1 flail of protection.
You die...

#.÷.........###(.)).))g(
#............##(#######.
#.##.........##.#
#.#..........##.#
#.#..#.......##.# #
#.#..........##.#
####.#.....#'#####)#
'....#.......#####.#
########.#....oo@og# #
.......(.####### #
.###.#....# #.#....#
.b.....# .........
.o..o.....# ...o...#.#
###


You could see 2 orc priests, an orc and a goblin.

Vanquished Creatures
  An orc priest (D:3)
  2 adders (D:2)
  2 dart slugs
  6 orcs (D:3)
  4 giant cockroaches
  4 goblins
  7 hobgoblins
  5 jackals
  10 kobolds
  8 bats
  3 frilled lizards
  2 rats (D:2)
  A bush (D:2)
  A plant (D:1)
56 creatures vanquished.

Notes
Turn   | Place    | Note
-------+----------+-------------------------------------------
     0 | D:1      | Anaphory the Gargoyle Earth Elementalist began the quest
                  | for the Orb.
     0 | D:1      | Reached XP level 1. HP: 10/10 MP: 3/3
    61 | D:1      | Reached XP level 2. HP: 9/15 MP: 1/5
   165 | D:1      | Reached skill level 4 in Earth Magic
   389 | D:1      | Reached XP level 3. HP: 13/19 MP: 6/6
   585 | D:1      | Learned a level 3 spell: Stone Arrow
   843 | D:2      | Found a faded altar of an unknown god.
   896 | D:2      | Found a snail-covered altar of Cheibriados.
  1062 | D:2      | Reached XP level 4. HP: 23/24 MP: 0/8
  1218 | D:2      | Reached skill level 5 in Earth Magic
  1278 | D:2      | Found a blossoming altar of Fedhas.
  1436 | D:2      | Found a shattered altar of Ashenzari.
  1436 | D:2      | Found an ornate altar of the Wu Jian Council.
  1690 | D:3      | Slain by an orc

Levels and vault maps discovered:
D:1:      lemuel_arrival_river_passageway, layout_rooms, serial_forest,
          infiniplex_forest_lined_corner, infiniplex_forest_zigzag_1,
          infiniplex_forest_clump_diagonal, infiniplex_forest_straight_4
D:2:      layout_rooms, gammafunk_temple_overflow_forgotten, old_standard_altar,
          chequers_ecumenical_altar_simple
D:3:      layout_basic, first_ration

Skill      XL: |  1  2  3  4 |
---------------+-------------+-----
Earth Magic    | 4 5 |  5.2
Spellcasting   | 3 |  3.2
Fighting       | |  0.7
Dodging        | |  1.6
Stealth        | |  2.4
Conjurations   | |  0.4
Transmutations | |  0.7

Action                   |  1- 3 |  4- 6 || total
-------------------------+-------+-------++-------
Melee: Club              |    12 |       ||    12
       Mace              |   132 |   198 ||   330
Throw: Javelin           |       |     9 ||     9
       Stone             |       |     1 ||     1
 Cast: Sandblast         |    12 |     2 ||    14
       Stone Arrow       |     6 |     7 ||    13
  Use: Scroll            |       |     1 ||     1
  Eat: Chunk             |     2 |     3 ||     5
Armor: Robe              |    43 |    27 ||    70
Dodge: Dodged            |    94 |    45 ||   139
